[Event "*** Titled Tuesday Blitz"]
[Site "Chess.com"]
[Date "2021.03.02"]
[Round "5"]
[White "dopolian"]
[Black "Artem_Koval"]
[Result "1-0"]
[WhiteElo "2399"]
[BlackElo "2221"]
[TimeControl "180+1"]
[EndTime "10:51:55 PST"]
[Termination "dopolian won on time"]

1. e4 c5 2. d3 d6 3. Nf3 Nf6 4.
g3 e5 5. Bg2 Bg4 6. h3 Bxf3 7.
Qxf3 Nc6 8. O-O Nd4 9. Qd1 Be7 10. f4 h5 11. c3 Nc6 12. Be3 1-0

[Event "*** Titled Tuesday Blitz"]
[Site "Chess.com"]
[Date "2021.03.02"]
[Round "5"]
[White "1800_strength"]
[Black "gumimis"]
[Result "1-0"]
[WhiteElo "2509"]
[BlackElo "2299"]
[TimeControl "180+1"]
[EndTime "10:52:04 PST"]
[Termination "1800_strength won by resignation"]

1. g4 d6 2. Bg2 Nc6 3. h3 h5 4. g5 h4 5. d4 g6 6. d5 Ne5 7. c4 a6 8. f4 Nxc4 9. Qd4 Ne5 10. fxe5 Bg7 11. Bf4 Bf5 12. Nc3 Rh5 13. Nf3 c5 14. dxc6 bxc6 15. O-O Rb8 16. Qa4 Qb6+ 17. Kh1 d5 18.
Nxd5 Qxb2 19. Qxc6+ Bd7 20. Qc5 Rc8 21. Qb4 Qxb4 22. Nxb4 e6 23. Rac1 Rb8 24. Nxa6 Ra8 25. Nc7+ 1-0

[Event "*** Titled Tuesday Blitz"]
[Site "Chess.com"]
[Date "2021.03.02"]
[Round "5"]
[White "KRSilva"]
[Black "MergenKakabaev"]
[Result "0-1"]
[WhiteElo "2221"]
[BlackElo "2388"]
[TimeControl "180+1"]
[EndTime "10:52:06 PST"]
[Termination "MergenKakabaev won by resignation"]

1. d4 d5 2. Nf3 Nf6 3. e3 Bf5 4. c4 c6 5. Nc3 Nbd7 6. Bd3 Bxd3 7. Qxd3 e6 8. O-O Bb4 9. cxd5 cxd5 10. a3 Bxc3 11.
bxc3 O-O 12. a4 Nb6 13. Nd2 Rc8 14. a5 Nc4 15. Nxc4 Rxc4 16. Ba3 Re8 17. Bb4 Qc7 18. f3 Rc8 19. e4 dxe4 20. fxe4 Qc6 21. Rae1 e5 22. dxe5 Nxe4 23. Kh1 h6 24. Rf4 Nxc3 25. Bxc3 Rxf4 26. Bd2 Rf2 0-1

[Event "*** Titled Tuesday Blitz"]
[Site "Chess.com"]
[Date "2021.03.02"]
[Round "5"]
[White "Chowman64"]
[Black "Grandmaster2B"]
[Result "1/2-1/2"]
[WhiteElo "2630"]
[BlackElo "2503"]
[TimeControl "180+1"]
[EndTime "10:52:18 PST"]
[Termination "Game drawn by agreement"]

1. Nf3 Nf6 2. c4 e6 3. g3 a6 4. Bg2 b5 5. b3 Bb7 6. O-O c5 7. Nc3 Qb6 8. e3 Be7 9. Qe2 Bc6 10. d4 O-O 11. Rd1 b4 12. Na4 Bxa4 13. bxa4 d6 14. dxc5 dxc5 15. Ne5 Ra7 16. Bb2 Nfd7 17. Qg4 Bf6 18.
Nxd7 Nxd7 19. Rxd7 Bxb2 20. Rxa7 Qxa7 21. Rd1 Bf6 22.
Qe4 Qc7 23. Qc6 Qxc6 24. Bxc6 Rd8 25. Rxd8+ Bxd8 1/2-1/2

[Event "*** Titled Tuesday Blitz"]
[Site "Chess.com"]
[Date "2021.03.02"]
[Round "5"]
[White "Gerodot71"]
[Black "oogee"]
[Result "1-0"]
[WhiteElo "2554"]
[BlackElo "2376"]
[TimeControl "180+1"]
[EndTime "10:52:19 PST"]
[Termination "Gerodot71 won by resignation"]

1. d4 Nf6 2. c4 g6 3. Nc3 Bg7 4. e4 d6 5. Be2 O-O 6. Be3 Na6 7.
h4 c5 8. d5 e6 9. h5 exd5 10.
exd5 Bf5 11. g4 Ne4 12. gxf5 Nxc3 13. bxc3 Qf6 14. Kf1 Qxf5 15. Qd3 Qf6 16. Rb1 b6 17. Nf3 Rae8 18. Rc1 Nc7 19. Bg5 Qf5 20. Qxf5 gxf5 21. h6 Be5 22. Nxe5 dxe5 23. Bf6 1-0

[Event "*** Titled Tuesday Blitz"]
[Site "Chess.com"]
[Date "2021.03.02"]
[Round "5"]
[White "mhebden"]
[Black "kuba2006"]
[Result "1-0"]
[WhiteElo "2547"]
[BlackElo "2371"]
[TimeControl "180+1"]
[EndTime "10:52:19 PST"]
[Termination "mhebden won by resignation"]

1. d4 Nf6 2. Nf3 d6 3. Nc3 Nbd7 4. Bf4 g6 5. e4 Bg7 6. Qd2 O-O 7. O-O-O c5 8. Bh6 a6 9. Bxg7 Kxg7 10. e5 dxe5 11.
dxe5 Ne8 12. h4 h5 13. Ng5 Nc7 14. g4 b5 15. gxh5 Bb7 16. Rg1 Qc8 17. Qxd7 1-0

[Event "*** Titled Tuesday Blitz"]
[Site "Chess.com"]
[Date "2021.03.02"]
[Round "5"]
[White "GasconJR"]
[Black "Evachess2006"]
[Result "1-0"]
[WhiteElo "2445"]
[BlackElo "1602"]
[TimeControl "180+1"]
[EndTime "10:52:30 PST"]
[Termination "GasconJR won on time"]

1. d4 d5 2. c4 dxc4 3. Nf3 Bf5 4. Nc3 e6 5. e4 Bg6 6. Bxc4 Bb4 7. Qa4+ Nc6 8. d5 exd5 9. exd5 Bxc3+ 10. bxc3 a6 11.
dxc6 b5 12. Qb4 bxc4 13. O-O Ne7 14. Re1 1-0

[Event "*** Titled Tuesday Blitz"]
[Site "Chess.com"]
[Date "2021.03.02"]
[Round "5"]
[White "IngOscarArdila"]
[Black "anon481216"]
[Result "0-1"]
[WhiteElo "2243"]
[BlackElo "2477"]
[TimeControl "180+1"]
[EndTime "10:52:35 PST"]
[Termination "anon481216 won by resignation"]

1. d4 d5 2. c4 dxc4 3. a4 Nf6 4. Nf3 e6 5. Bg5 h6 6. Bxf6 Qxf6 7. e3 b6 8. Bxc4 Bb7 9. Nbd2 Bb4 10. O-O O-O 11.
Qc2 Qe7 12. Ne5 Nd7 13. Ndf3 Nxe5 14. Nxe5 c5 15. Rad1 Rfd8 16. dxc5 Bxc5 17. Qb3 Qg5 18. f3 Qxe5 19. Rde1 Rd2 20. Rf2 Rxf2 21. Kxf2 Rd8 22. Re2 Qxh2 23. Bxe6 fxe6 24. Qxe6+ Kh8 25. Qf7 Qh4+ 0-1

[Event "*** Titled Tuesday Blitz"]
[Site "Chess.com"]
[Date "2021.03.02"]
[Round "5"]
[White "enriquebutti"]
[Black "jerry_77"]
[Result "0-1"]
[WhiteElo "2177"]
[BlackElo "2472"]
[TimeControl "180+1"]
[EndTime "10:52:35 PST"]
[Termination "jerry_77 won by checkmate"]

1. d4 Nf6 2. Nf3 e6 3. e3 d5 4. c4 Be7 5. Nc3 O-O 6. b3 c6 7. Bd3 Re8 8. O-O Nbd7 9. Bb2 Nf8 10. Qe2 Ng6 11. Rad1 b6 12. Ne5 Bb7 13. f4 Qc7 14.
Rf3 dxc4 15. bxc4 c5 16. Rh3 cxd4 17. Bxg6 hxg6 18. exd4 Rad8 19. Rf1 a6 20. Rd3 Ba8 21. Qd1 Qb7 22. d5 Bc5+ 23. Kh1 exd5 24. Nxd5 Nxd5 25. cxd5 Rxd5 26. Ng4 Rxd3 27. Qxd3 Qxg2# 0-1

[Event "*** Titled Tuesday Blitz"]
[Site "Chess.com"]
[Date "2021.03.02"]
[Round "5"]
[White "Blitzking642"]
[Black "Treacherous_horse64"]
[Result "1-0"]
[WhiteElo "2371"]
[BlackElo "2583"]
[TimeControl "180+1"]
[EndTime "10:52:42 PST"]
[Termination "Blitzking642 won by resignation"]

1. e4 c6 2. c4 d5 3. cxd5 cxd5 4. exd5 Nf6 5. Qa4+ Nbd7 6. Nc3 g6 7. Bc4 Bg7 8.
d3 O-O 9. Nf3 a6 10. Qa3 Ne8 11. O-O Nd6 12. Bf4 Nxc4 13. dxc4 b5 14. Nxb5 Bxb2 15.
Qxb2 axb5 16. Bh6 Nf6 17. Bxf8 Qxf8 18. cxb5 Qd8 19. Rfd1 Bb7 20. Ne5 Nxd5 21. Nc6 Qd6 22. Rxd5 Qe6 23. Re5 Qf6 24. Nxe7+ Kg7 25. Re2 Qxb2 26.
Rxb2 1-0

[Event "*** Titled Tuesday Blitz"]
[Site "Chess.com"]
[Date "2021.03.02"]
[Round "5"]
[White "FlySooHigh"]
[Black "WiktoriaPOL"]
[Result "1-0"]
[WhiteElo "2696"]
[BlackElo "2046"]
[TimeControl "180+1"]
[EndTime "10:52:43 PST"]
[Termination "FlySooHigh won by resignation"]

1. e4 c5 2. Nf3 d6 3. Nc3 Nf6 4. e5 dxe5 5. Nxe5 Nbd7 6. d4 Nxe5 7.
dxe5 Qxd1+ 8. Kxd1 Ng4 9. Bb5+ Bd7 10. e6 Bxb5 11. Nxb5 Rd8+ 12. Ke2 fxe6 13. Nxa7 Kf7 14. Nb5 g6 15. f3 Ne5 16. Be3 b6 17. Rad1 Bg7 18. b3 Nc6 19. c3 Rxd1 20. Rxd1 Rd8 21.
Rxd8 Nxd8 22. Bf4 e5 23. Be3 Ke6 24. Kd3 Nc6 25. Nc7+ Kd7 26. Nd5 e6 27. Nxb6+ Kc7 28. Bxc5 Nb8 29. Nc4 Kc6 30. Be3 Na6 31. a4 Nc5+ 32.
Bxc5 Kxc5 33. b4+ Kc6 34. Ke4 Kb7 35. Nxe5 Bxe5 36. Kxe5 1-0

[Event "*** Titled Tuesday Blitz"]
[Site "Chess.com"]
[Date "2021.03.02"]
[Round "5"]
[White "ural58"]
[Black "LionTheLeon_06"]
[Result "1-0"]
[WhiteElo "2555"]
[BlackElo "2702"]
[TimeControl "180+1"]
[EndTime "10:52:47 PST"]
[Termination "ural58 won by checkmate"]

1. e4 c5 2. b3 Nc6 3. Bb2 e5 4. f4 exf4 5. Qf3 Qh4+ 6. g3 fxg3 7.
hxg3 Qg5 8. Bc4 Nf6 9. Bxf6 Qxf6 10.
Qxf6 gxf6 11. Nc3 Bd6 12. Nge2 Be5 13. O-O-O d6 14. Nd5 Kf8 15. c3 f5 16. Rdf1 Ne7 17.
Nc7 Rb8 18. Rh5 b5 19. Nxb5 Ba6 20. a4 Bxb5 21. axb5 h6 22. exf5 d5 23. f6 Bxf6 24. Rxf6 dxc4 25. bxc4 Kg7 26. Ra6 Rb7 27. Rxc5 Re8 28.
Nf4 Ng6 29. Nh5+ Kf8 30. Nf6 Re1+ 31. Kc2 Rg1 32. Rc8+ Kg7 33. Rg8# 1-0

[Event "*** Titled Tuesday Blitz"]
[Site "Chess.com"]
[Date "2021.03.02"]
[Round "5"]
[White "JimmmyZhang"]
[Black "Chuchofrio1"]
[Result "1-0"]
[WhiteElo "2486"]
[BlackElo "2287"]
[TimeControl "180+1"]
[EndTime "10:52:51 PST"]
[Termination "JimmmyZhang won by resignation"]

1. e4 e5 2. Nf3 Nc6 3. Bb5 a6 4. Ba4 Nf6 5. O-O Be7 6. d3 b5 7. Bb3 O-O 8. a4 b4 9. Nbd2 a5 10. Nc4 d6 11. h3 Be6 12. Ng5 Bd7 13. f4 exf4 14. Bxf4 d5 15. Ne5 Nxe5 16. Bxe5 Nxe4 17.
Nxf7 Rxf7 18. Bxd5 Nf6 19. Bxf6 Bxf6 20. Qh5 Qe7 21.
Rae1 Qf8 22. g4 g6 23. Bxf7+ Qxf7 24. Qc5 Qg7 25. Qd5+ Kh8 26. Qxa8+ 1-0

[Event "*** Titled Tuesday Blitz"]
[Site "Chess.com"]
[Date "2021.03.02"]
[Round "5"]
[White "ARTHURMOTIVATOR"]
[Black "PotapovaM"]
[Result "0-1"]
[WhiteElo "2347"]
[BlackElo "2535"]
[TimeControl "180+1"]
[EndTime "10:52:52 PST"]
[Termination "PotapovaM won by resignation"]

1. e4 c5 2. b3 Nc6 3. Bb2 Nf6 4. e5 Nd5 5. Nf3 d6 6. Bb5 Bg4 7. h3 Bh5 8. Bxc6+ bxc6 9. exd6 exd6 10. Qe2+ Qe7 11.
Qxe7+ Bxe7 12. g4 Bg6 13. Na3 Nf4 14. d3 O-O 15. Nc4 f6 16. O-O-O d5 17. Na5 Rac8 18. Rde1 Bd8 19. Nh4 Bxa5 20. Re7 Rf7 21. Nxg6 hxg6 22. Re6 Nxe6 0-1

[Event "*** Titled Tuesday Blitz"]
[Site "Chess.com"]
[Date "2021.03.02"]
[Round "5"]
[White "davigator"]
[Black "Majesth"]
[Result "0-1"]
[WhiteElo "2393"]
[BlackElo "2572"]
[TimeControl "180+1"]
[EndTime "10:53:03 PST"]
[Termination "Majesth won by resignation"]

1. e4 g6 2. d4 Bg7 3. Nc3 d6 4. Be3 a6 5. Qd2 Nd7 6. O-O-O b5 7. f3 Bb7 8. Kb1 Rc8 9. Nce2 c5 10. Nc1 cxd4 11. Bxd4 Ngf6 12. Be3 Qc7 13. Bd3 Ne5 14.
Bh6 Bxh6 15. Qxh6 Nxd3 16. Rd2 Nxc1 17. Kxc1 Qc4 18. b3 Qf1+ 19. Kb2 Rc5 20. g4 Nxe4 21. fxe4 Bxe4 22. Nf3 Qxh1 23. Ng5 Rxg5 24. Qxg5 O-O 25. Qxe7 d5 26. g5 Qg1 27. Qf6 Qg4 28. Rf2 Qe6 29.
Qd4 Re8 30. c3 Qe5 31. Qd2 b4 32. a3 bxc3+ 33. Qxc3 Qxg5 34. a4 Qe5 35. Re2 d4 0-1

[Event "*** Titled Tuesday Blitz"]
[Site "Chess.com"]
[Date "2021.03.02"]
[Round "5"]
[White "kubal123"]
[Black "ChronicUnhappiness"]
[Result "1-0"]
[WhiteElo "2222"]
[BlackElo "2351"]
[TimeControl "180+1"]
[EndTime "10:53:10 PST"]
[Termination "kubal123 won by resignation"]

1. d4 d5 2. Nf3 Nf6 3. Bf4 Bf5 4. c4 e6 5. Nc3 Bb4 6. e3 O-O 7. Qb3 c5 8. dxc5 Nc6 9. Be2 Ne4 10. cxd5 Qxd5 11.
Qxd5 exd5 12. O-O Bxc3 13. bxc3 Nxc3 14. Rfe1 Rfc8 15. Bf1 f6 16. Rec1 Ne4 17. Nd4 Ne7 18. Bd6 Kf7 19. Bxe7 Kxe7 20. Nxf5+ Ke6 21. Nd4+ Kd7 22.
Bb5+ Ke7 23. c6 b6 24. c7 a6 25. Bc6 Ra7 26. Bxd5 Nd6 27. Nc6+ 1-0

[Event "*** Titled Tuesday Blitz"]
[Site "Chess.com"]
[Date "2021.03.02"]
[Round "5"]
[White "catzapto"]
[Black "Kopytkin"]
[Result "1-0"]
[WhiteElo "2079"]
[BlackElo "2347"]
[TimeControl "180+1"]
[EndTime "10:53:16 PST"]
[Termination "catzapto won by resignation"]

1. e4 Nf6 2. Nc3 d5 3. exd5 a6 4.
d4 b5 5. Bg5 Bb7 6. Nf3 Nxd5 7.
Nxd5 Bxd5 8. c3 h6 9. Bh4 Nc6 10. Bd3 g5 11. Bg3 Bg7 12. O-O O-O 13. Re1 f6 14. Bc2 Qd7 15. h4 Rae8 16. Qd3 f5 17. hxg5 Bxf3 18. gxh6 Be4 19. Rxe4 fxe4 20. Qxe4 Rf5 21.
hxg7 e6 22. Qh4 Qxg7 23. Bxf5 exf5 24. Kf1 Qf7 25. Qg5+ Kf8 26. Qh6+ Kg8 27. Qxc6 Re6 28. Qxc7 1-0

[Event "*** Titled Tuesday Blitz"]
[Site "Chess.com"]
[Date "2021.03.02"]
[Round "5"]
[White "Shahaliyev"]
[Black "Problematique_99"]
[Result "0-1"]
[WhiteElo "2696"]
[BlackElo "2452"]
[TimeControl "180+1"]
[EndTime "10:53:18 PST"]
[Termination "Problematique_99 won by resignation"]

1. Nf3 d5 2. c4 e6 3. cxd5 exd5 4. b3 Nf6 5. Bb2 Be7 6. e3 O-O 7. Nc3 c6 8. Be2 Bg4 9. h3 Bh5 10. O-O Nbd7 11. d3 Re8 12. Qd2 Bd6 13. Rfe1 h6 14. e4 Bxf3 15. Bxf3 Ne5 16. Be2 dxe4 17. dxe4 Nf3+ 18.
Bxf3 Bh2+ 19. Kxh2 Qxd2 20. Re2 Qf4+ 21. Kg1 Rad8 22. Rae1 Rd2 23. Rxd2 Qxd2 24. Re2 Qf4 25. Re3 Rd8 26. e5 Nd5 27. Nxd5 cxd5 28. Rd3 d4 29. Bxb7 Qxe5 30. Kf1 Qb5 0-1

[Event "*** Titled Tuesday Blitz"]
[Site "Chess.com"]
[Date "2021.03.02"]
[Round "5"]
[White "anskam"]
[Black "Alniro4"]
[Result "1-0"]
[WhiteElo "1780"]
[BlackElo "2288"]
[TimeControl "180+1"]
[EndTime "10:53:18 PST"]
[Termination "anskam won on time"]

1. e4 e5 2. Nf3 Nf6 3. Nxe5 d6 4. Nf3 Nxe4 5. Qe2 Qe7 6. d3 Nf6 7. Bg5 Nbd7 8. Nc3 h6 9. Bh4 g5 10. Bg3 c6 11. O-O-O Qxe2 12. Bxe2 Nh5 13. d4 Nxg3 14. hxg3 d5 15. Nxg5 Bg7 16. Nf3 Nf8 17. Bd3 Ne6 18. Bf5 O-O 19. Rhe1 Re8 20. Re2 Bd7 21. Rde1 Rad8 22.
Bxe6 Bxe6 23. Ne5 1-0

[Event "*** Titled Tuesday Blitz"]
[Site "Chess.com"]
[Date "2021.03.02"]
[Round "5"]
[White "leejunhyeok"]
[Black "stasiek18"]
[Result "0-1"]
[WhiteElo "2569"]
[BlackElo "2413"]
[TimeControl "180+1"]
[EndTime "10:53:19 PST"]
[Termination "stasiek18 won by resignation"]

1. d4 Nf6 2. c4 g6 3. Nc3 d5 4.
cxd5 Nxd5 5. e4 Nxc3 6. bxc3 Bg7 7. Nf3 c5 8. h3 Nc6 9. Be3 Qa5 10.
Qd2 O-O 11. Rc1 cxd4 12. cxd4 Qxd2+ 13. Kxd2 Rd8 14. Rc4 f5 15. exf5 gxf5 16. Ke1 Be6 17. Ra4 Rac8 18. Bb5 a6 19. Bxc6 Rxc6 20. Kd2 Rdc8 21.
Rd1 Rc2+ 22. Ke1 Bc4 23. Rc1 Rxc1+ 24. Bxc1 Bb5 25. Rb4 Rxc1+ 26. Kd2 0-1

[Event "*** Titled Tuesday Blitz"]
[Site "Chess.com"]
[Date "2021.03.02"]
[Round "5"]
[White "JiiHart"]
[Black "mirochka"]
[Result "0-1"]
[WhiteElo "2075"]
[BlackElo "2242"]
[TimeControl "180+1"]
[EndTime "10:53:24 PST"]
[Termination "mirochka won by checkmate"]

1. e4 c5 2. Nf3 Nc6 3. d4 cxd4 4. Nxd4 e5 5. Nb5 d6 6. N1c3 a6 7. Na3 b5 8. Nd5 Nge7 9. Bg5 f6 10. Qh5+ g6 11. Nxf6+ Kf7 12. Qf3 Nd4 13. Qd3 h6 14.
Be3 Bg7 15. Bxd4 exd4 16. Nd5 Nxd5 17. Qb3 Qa5+ 18. Kd1 Be6 19. exd5 Bg4+ 20. f3 Rhe8 21. fxg4 Qe1# 0-1

[Event "*** Titled Tuesday Blitz"]
[Site "Chess.com"]
[Date "2021.03.02"]
[Round "5"]
[White "felipelobo"]
[Black "profofchess"]
[Result "0-1"]
[WhiteElo "2168"]
[BlackElo "2471"]
[TimeControl "180+1"]
[EndTime "10:53:25 PST"]
[Termination "profofchess won on time"]

1. d4 Nf6 2. Bf4 c5 3. e3 Nd5 4. Bg3 Qb6 5. dxc5 Qxb2 6. Qd4 Qc1+ 7. Qd1 Qxd1+ 8. Kxd1 e6 9. c4 Nf6 10. Bd6 Bxd6 11.
cxd6 Ne4 12. c5 Nxf2+ 13. Ke1 Nxh1 14. Nf3 b6 15. c6 Nxc6 16. g3 Bb7 17. Bg2 Nxg3 18.
Nc3 Nf5 19. Kf2 O-O 20. e4 Nfd4 21. Ne5 Nxe5 22. Nd5 exd5 23. exd5 Nd3+ 24. Kg1 Nf4 25. Rd1 Rfe8 26. Rxd4 Ne2+ 27. Kh1 Nxd4 28. Be4 Rxe4 29. a4 Re2 30. a5 Rc8 0-1

[Event "*** Titled Tuesday Blitz"]
[Site "Chess.com"]
[Date "2021.03.02"]
[Round "5"]
[White "Kobalia"]
[Black "Savagelittlemole"]
[Result "1-0"]
[WhiteElo "2694"]
[BlackElo "2511"]
[TimeControl "180+1"]
[EndTime "10:53:26 PST"]
[Termination "Kobalia won by checkmate"]

1. e4 c5 2. Nf3 d6 3. Bb5+ Nd7 4. O-O a6 5. Bd3 Ngf6 6. c3 g6 7. Bc2 Bg7 8. d4 cxd4 9. cxd4 O-O 10. Nc3 b5 11. h3 Bb7 12. Re1 Rc8 13. e5 Nd5 14. e6 fxe6 15. Ng5 Nxc3 16. bxc3 Rxc3 17. Nxe6 Qc8 18.
Nxf8 Nxf8 19. Bb3+ Kh8 20. Rxe7 Bxg2 21. Kxg2 Qxh3+ 22. Kg1 Qh4 23. Re3 Bxd4 24. Bb2 b4 25. Bxc3 bxc3 26.
Rf3 Qg4+ 27. Kf1 Qc8 28. Qxd4# 1-0

[Event "*** Titled Tuesday Blitz"]
[Site "Chess.com"]
[Date "2021.03.02"]
[Round "5"]
[White "DinaBelenkaya"]
[Black "Trickster_Pony"]
[Result "1-0"]
[WhiteElo "2301"]
[BlackElo "1444"]
[TimeControl "180+1"]
[EndTime "10:53:27 PST"]
[Termination "DinaBelenkaya won by resignation"]

1. e4 c5 2. Nc3 Nc6 3. g3 d6 4. Bg2 g6 5. Nge2 Bg7 6. d3 Nf6 7. Bg5 Rb8 8. Qd2 b5 9. h4 b4 10. Nd5 Nxd5 11. exd5 Bxb2 12. Rb1 Bc3 13. Nxc3 bxc3 14.
Qxc3 Rxb1+ 15. Kd2 Nd4 16. Rxb1 Bg4 17. Bh6 f6 18.
Qa3 a5 19. Rb7 Kf7 20. Qa4 Bf3 21. Bh3 Bxd5 22. Ra7 Nf3+ 23. Ke3 Qc8 24. Bxc8 Rxc8 25. Qd7 Rb8 26. Qxe7+ 1-0

[Event "*** Titled Tuesday Blitz"]
[Site "Chess.com"]
[Date "2021.03.02"]
[Round "5"]
[White "Konavets"]
[Black "Mr_Sinigami"]
[Result "1-0"]
[WhiteElo "2934"]
[BlackElo "2620"]
[TimeControl "180+1"]
[EndTime "10:53:28 PST"]
[Termination "Konavets won on time"]

1. e4 d5 2. exd5 Nf6 3. Nc3 Nxd5 4. Bc4 Nb6 5. Bb3 c5 6. d3 Nc6 7. Qh5 e6 8. Nf3 Be7 9. Ne4 Nd5 10. O-O O-O 11.
Nfg5 h6 12. Nf3 Nf6 13. Nxf6+ Bxf6 14. Qxc5 Bd7 15. Qd6 Qc8 16. Qg3 Ne7 17. Re1 Nf5 18. Qf4 Bc6 19. Ne5 Rd8 20. Nxc6 Qxc6 21. Rxe6 fxe6 22.
Qxf5 Kh8 23. Qh3 Rd4 24. g3 e5 25. Bxh6 Rh4 26. Bxg7+ Kxg7 27. gxh4 Rh8 28. h5 Kf8 29. Re1 Rh7 30. Re4 Rg7+ 31. Rg4 Rxg4+ 32. Qxg4 Qd6 33. h6 Qd7 34. Qxd7 1-0

[Event "*** Titled Tuesday Blitz"]
[Site "Chess.com"]
[Date "2021.03.02"]
[Round "5"]
[White "Grandelicious"]
[Black "hermionegrangermagic"]
[Result "1-0"]
[WhiteElo "2848"]
[BlackElo "2604"]
[TimeControl "180+1"]
[EndTime "10:53:32 PST"]
[Termination "Grandelicious won by resignation"]

1. d4 d5 2. c4 e6 3. Nc3 Be7 4. Nf3 Nf6 5. Bg5 O-O 6. e3 h6 7.
Bf4 c5 8. dxc5 Bxc5 9. a3 a6 10. Qc2 Ba7 11. O-O-O Nc6 12. g4 e5 13. Nxe5 Nxe5 14.
Bxe5 Bxg4 15. Be2 Bxe2 16. Qxe2 Rc8 17. Kb1 d4 18. exd4 Nd7 19. Rhg1 f6 20. Bf4 Kh8 21.
Qh5 Qe8 22. Rg6 f5 23. Rxh6+ gxh6 24. Qxh6+ Kg8 25. Rg1+ 1-0

[Event "*** Titled Tuesday Blitz"]
[Site "Chess.com"]
[Date "2021.03.02"]
[Round "5"]
[White "turayev_shahruh17"]
[Black "Zemerovv"]
[Result "0-1"]
[WhiteElo "2477"]
[BlackElo "2294"]
[TimeControl "180+1"]
[EndTime "10:53:32 PST"]
[Termination "Zemerovv won by checkmate"]

1. e4 g6 2. d4 Bg7 3. Nc3 d6 4. f4 a6 5. Nf3 b5 6. Bd3 Nd7 7. O-O c5 8. Be3 Bb7 9. e5 Nh6 10. d5 b4 11. Ne4 Nf5 12. Bf2 Bxd5 13. exd6 O-O 14. dxe7 Qxe7 15. Re1 Bxb2 16. Nxc5 Qd6 17. Nxd7 Bxa1 18. Qxa1 Qxd7 19. Ne5 Qd8 20. Ng4 f6 21. Bc5 Qc7 22. Bxf8 Qb6+ 23. Kh1 Rxf8 24. Bxf5 gxf5 25. Nh6+ Kh8 26. Nxf5 Qf2 27. Re8 Qxg2# 0-1

[Event "*** Titled Tuesday Blitz"]
[Site "Chess.com"]
[Date "2021.03.02"]
[Round "5"]
[White "baki83"]
[Black "Mikhail_Golubev"]
[Result "1-0"]
[WhiteElo "2813"]
[BlackElo "2589"]
[TimeControl "180+1"]
[EndTime "10:53:34 PST"]
[Termination "baki83 won by resignation"]

1. e4 c5 2. Nf3 d6 3. c3 Nf6 4.
Bd3 Bg4 5. h3 Bxf3 6. Qxf3 Nc6 7. Bc2 g6 8. d3 Bg7 9. Nd2 O-O 10. Qe2 b5 11. Nf3 b4 12. O-O Nd7 13. Bd2 bxc3 14. bxc3 Rb8 15. Bb3 Qa5 16. Rac1 e6 17. d4 cxd4 18.
cxd4 Qb6 19. Ba4 Rfc8 20. Be3 d5 21. Bf4 Ra8 22. exd5 exd5 23. Qb5 Nxd4 24. Nxd4 Rxc1 25. Bxc1 Bxd4 26. Qxd7 Rd8 27. Qb5 Qf6 28. Be3 1-0

[Event "*** Titled Tuesday Blitz"]
[Site "Chess.com"]
[Date "2021.03.02"]
[Round "5"]
[White "Kozok"]
[Black "GoltsevDmitry2000"]
[Result "0-1"]
[WhiteElo "2448"]
[BlackElo "2736"]
[TimeControl "180+1"]
[EndTime "10:53:34 PST"]
[Termination "GoltsevDmitry2000 won by checkmate"]

1. e4 c5 2. Nf3 e6 3. d4 cxd4 4. Nxd4 a6 5. Bd3 Qc7 6. O-O Nf6 7. c4 Nc6 8. Nb3 h5 9. Nc3 Ng4 10. g3 Nce5 11. Bf4 b6 12. h3 Nf6 13.
Bxe5 Qxe5 14. f4 Qc7 15. e5 Ng8 16. Be4 Rb8 17. Qd3 Ne7 18. Rad1 g6 19. Nd4 Nf5 20. Kh2 Bc5 21. Bxf5 gxf5 22. Nxf5 exf5 23. Nd5 Qc6 24. b4 Be7 25. b5 Qg6 26. bxa6 Bd8 27. Nf6+ Bxf6 28.
exf6 O-O 29. Qd6 Bxa6 30. Rfe1 Rfe8 31. Re7 Rf8 32. Rde1 Bxc4 33. Rxd7 Ra8 34. Qd4 Rxa2+ 35. Kh1 Qxg3 36. Rg1 Rh2# 0-1

[Event "*** Titled Tuesday Blitz"]
[Site "Chess.com"]
[Date "2021.03.02"]
[Round "5"]
[White "campomania3"]
[Black "lelya96"]
[Result "1/2-1/2"]
[WhiteElo "2160"]
[BlackElo "2263"]
[TimeControl "180+1"]
[EndTime "10:53:34 PST"]
[Termination "Game drawn by agreement"]

1. d4 d5 2. c4 c6 3. cxd5 cxd5 4. Nf3 Nf6 5. Nc3 Nc6 6. Bf4 Bf5 7. e3 e6 8. Bb5 Be7 9. Ne5 Rc8 10. Nxc6 bxc6 11.
Ba6 Rc7 12. Bxc7 Qxc7 13. O-O O-O 14. Rc1 Qb6 15. Bd3 Qxb2 16. Bxf5 exf5 17. Qc2 Qa3 18. Qxf5 g6 19. Qc2 Kg7 20. Rb1 Bd6 21. h3 Re8 22. Rb7 Bb8 23. Qb3 Qd6 24. g3 Rxe3 25. Rxb8 Rxg3+ 26. fxg3 Qxg3+ 27. Kh1 Qxh3+ 28. Kg1 Qg3+ 29.
Kh1 Qh3+ 30. Kg1 1/2-1/2

[Event "*** Titled Tuesday Blitz"]
[Site "Chess.com"]
[Date "2021.03.02"]
[Round "5"]
[White "Bayernbk"]
[Black "Chopper1905"]
[Result "0-1"]
[WhiteElo "2542"]
[BlackElo "2937"]
[TimeControl "180+1"]
[EndTime "10:53:35 PST"]
[Termination "Chopper1905 won by resignation"]

1. e4 e5 2. Nc3 Nf6 3. Nf3 d6 4. d4 exd4 5. Nxd4 g6 6. g3 Bg7 7. Bg2 O-O 8. O-O Re8 9. Re1 Nbd7 10. f4 c6 11. a4 a5 12. h3 Nc5 13. Kh2 h5 14. e5 dxe5 15. fxe5 Nh7 16. Nxc6 bxc6 17. Bxc6 Bb7 18. Bxe8 Qxe8 19. Nd5 h4 20. Bf4 g5 21.
Nf6+ Nxf6 22. exf6 Qc6 23. Qe2 gxf4 24. fxg7 fxg3+ 0-1

[Event "*** Titled Tuesday Blitz"]
[Site "Chess.com"]
[Date "2021.03.02"]
[Round "5"]
[White "Na_binci"]
[Black "muchojogo"]
[Result "0-1"]
[WhiteElo "2144"]
[BlackElo "2351"]
[TimeControl "180+1"]
[EndTime "10:53:37 PST"]
[Termination "muchojogo won by resignation"]

1. d4 Nf6 2. c4 c5 3. d5 b5 4. cxb5 a6 5. bxa6 g6 6. Nc3 Bg7 7. e4 O-O 8. g4 Qa5 9. Bd2 Bxa6 10. g5 Ne8 11. h4 e6 12. h5 Bxf1 13. Kxf1 Qa6+ 14. Kg2 Nc7 15. hxg6 fxg6 16. Qg4 exd5 17. exd5 Qd3 18. Be3 Nxd5 19. Nxd5 Qxd5+ 20. f3 Bxb2 21. Rf1 Rxa2 22. Rf2 Be5 23. Ne2 Nc6 24. Qh4 Rf7 25. Rh3 Qd3 26. Ng1 Rxf2+ 27. Bxf2 Nd4 28. Qe4 Qxe4 29.
fxe4 Rf4 30. Re3 Rg4+ 31. Kh3 Rxg5 0-1

[Event "*** Titled Tuesday Blitz"]
[Site "Chess.com"]
[Date "2021.03.02"]
[Round "5"]
[White "Sibelephant"]
[Black "bocah_sakit"]
[Result "1-0"]
[WhiteElo "3059"]
[BlackElo "2866"]
[TimeControl "180+1"]
[EndTime "10:53:38 PST"]
[Termination "Sibelephant won on time"]

1. d4 Nf6 2. c4 g6 3. Nc3 Bg7 4.
e4 d6 5. Be2 O-O 6. h4 c5 7. d5 e6 8. h5 exd5 9. exd5 Re8 10. hxg6 hxg6 11. Bh6 Bxh6 12. Rxh6 Kg7 13. Qd2 a6 14. O-O-O Rh8 15. Rxh8 Qxh8 16. Nf3 Bg4 17. Ng5 Bxe2 18. Qxe2 Qe8 19. Qxe8 Nxe8 20. Re1 Nd7 21.
Re7 Ne5 22. Rxb7 Kg8 23. b3 f6 24. Nh3 Rd8 25. Kd2 g5 26. f4 gxf4 27. Nxf4 Rc8 28. Ne4 Rc7 29. Rxc7 Nxc7 30. Nxd6 Ng4 31. Ne4 1-0